 Dungeon Crawl Stone Soup version 0.20.0-10-g0535bb4 (webtiles) character file.

47 Monsterracer the Magician (level 3, 0/29 HPs)
             Began as a Formicid Wizard on June 7, 2017.
             Succumbed to an adder's poison
             ... on level 2 of the Dungeon.
             The game lasted 00:06:15 (1807 turns).

Monsterracer the Magician (Formicid Wizard)         Turns: 1807, Time: 00:06:16

Health: 0/29       AC:  2    Str: 12    XL:     3   Next: 97%
Magic:  7/7        EV:  9    Int: 17    God:
Gold:   29         SH:  0    Dex:  9    Spells: 7/8 levels left

rFire    . . .     SeeInvis +   m - +2 whip (elec)
rCold    + . .     Gourm    .   (no shield)
rNeg     . . .     Faith    .   a - +0 robe
rPois    .         Spirit   .   (helmet unavailable)
rElec    .         Reflect  .   (no cloak)
rCorr    .         Harm     .   (no gloves)
MR       .....                  (no boots)
Stlth    ++........             (no amulet)
Regen    0.1/turn               d - ring of protection from cold
MPRegen  0.1/turn               (no ring)

@: lethally poisoned (0 -> -7), flying, constricted
A: permanent stasis, dig shafts and tunnels, four strong arms, antennae 3
a: Dig, Shaft Self


You were on level 2 of the Dungeon.
You were not hungry.

You visited 1 branch of the dungeon, and saw 2 of its levels.

You collected 29 gold pieces.

Inventory:

Hand Weapons
 m - a +2 whip of electrocution (weapon)
Armour
 a - a +0 robe (worn)
 h - a +0 chain mail
 j - a +0 buckler
Jewellery
 d - a ring of protection from cold (left hand)
Scrolls
 e - 2 scrolls of teleportation {unknown}
 f - a scroll of recharging {unknown}
 g - a scroll of identify {unknown}
 k - a scroll of fog {unknown}
 l - a scroll of immolation {unknown}
Comestibles
 b - a chunk of flesh
 c - 2 bread rations
 i - a royal jelly


   Skills:
 - Level 3.0 Fighting
 * Level 1.3 Maces & Flails
 - Level 1.7 Dodging
 - Level 2.4 Stealth
 - Level 3.2 Spellcasting
 - Level 0.8 Conjurations
   Level 1.0 Summonings
   Level 0.8 Translocations


You had 7 spell levels left.
You knew the following spells:

 Your Spells              Type           Power        Failure   Level  Hunger
a - Magic Dart            Conj           #...         12%         1    None


Dungeon Overview and Level Annotations

Branches:
Dungeon (2/15)

Altars:


Innate Abilities, Weirdness & Mutations

You cannot be hasted, slowed, berserked, paralysed or teleported.
You can dig through walls and to a lower floor.
Your four strong arms can wield two-handed weapons with a shield.
You have a pair of large antennae on your head. (SInv)


Message History

You escape the ball python's grasp.
The giant cockroach completely misses you.
* * * LOW HITPOINT WARNING * * *
You feel sick. The adder bites you.
* * * LOW HITPOINT WARNING * * *
You are more poisoned.
The adder poisons you! The ball python barely misses you.
The ball python grabs you. The ball python constricts you.
The adder barely misses you.
The ball python's grasp on you weakens, but your attempt to escape fails.
* * * LOW HITPOINT WARNING * * *
You feel sick. The adder completely misses you.
The ball python completely misses you. The ball python constricts you.
The giant cockroach barely misses you.
Unknown command.
The adder misses you.
The ball python bites you but does no damage.
* * * LOW HITPOINT WARNING * * *
The ball python constricts you. The giant cockroach barely misses you.
You die...

#.# ..# #.. .#..
..# .. .#.### ..#
#####.#####.....#
#.#
#................#
#.#
#........#.......#.
#.#
#...........#......
#.#
#.......SS..#......
##.#
#......†s@.#..... .
#..#
#.......##.#...##.#
.#.###
#......)##.#.#...#
.....#
##########.....#
#.##)#
#.........###
#.##.###
#.#########
#....÷.# #.#
#.##.#.# #.#
#.##.#.####.#


You could see an adder, a giant cockroach and a ball python.

Vanquished Creatures
  An adder (D:2)
  A dart slug (D:1)
  A ball python (D:1)
  5 bats (D:1)
  6 giant cockroaches
  5 goblins (D:1)
  2 hobgoblins
  2 jackals (D:1)
  3 frilled lizards (D:1)
  5 kobolds (D:1)
  3 rats (D:1)
34 creatures vanquished.

Notes
Turn   | Place    | Note
-------+----------+-------------------------------------------
     0 | D:1      | Monsterracer the Formicid Wizard began the quest for the Orb.
     0 | D:1      | Reached XP level 1. HP: 13/13 MP: 4/4
   306 | D:1      | Reached skill level 1 in Fighting
   479 | D:1      | Reached XP level 2. HP: 14/22 MP: 0/6
   982 | D:1      | Reached XP level 3. HP: 28/28 MP: 4/7
  1737 | D:2      | Reached skill level 1 in Maces & Flails
  1806 | D:2      | HP: 1/29 [ball python (1)]
  1807 | D:2      | Succumbed to an adder's poison

Skill      XL: |  1  2  3 |
---------------+----------+-----
Fighting       | 1 2 3 |  3.0
Maces & Flails | 1 |  1.3
Dodging        | |  1.7
Stealth        | |  2.4
Spellcasting   | |  3.2
Conjurations   | |  0.8
Summonings     | |  1.0
Translocations | |  0.8

Action                   || total
-------------------------++-------
Melee: Unarmed           ||    15
       Dagger            ||    13
       Whip              ||    38
 Cast: Magic Dart        ||    47
  Use: Potion            ||     1
 Stab: Sleeping          ||     1
       Distracted        ||     1
  Eat: Chunk             ||     3
Armor: Robe              ||    33
Dodge: Dodged            ||    57
